 Dungeon Crawl Stone Soup version 0.30.1-3-gfc49f6343a (webtiles) character file.

Game seed: 16077216772061870975

631796 u553311 the Middleweight Champion (level 26, -4/289 (304) HPs)
             Began as a Demonspawn Gladiator on July 17, 2023.
             Was the Champion of Qazlal.
             Collided with a shard shrike (7 damage)
             ... caused by an elemental wellspring
             ... while petrified by a nargun
             ... on level 2 of Cocytus on July 18, 2023.
             The game lasted 06:27:01 (73920 turns).

u553311 the Middleweight Champion (DsGl)           Turns: 73920, Time: 06:27:02

HP:   -4/289 (304)  AC: 63    Str: 34    XL:     26   Next: 23%
MP:   34/38         EV:  2    Int: 13    God:    Qazlal [******]
Gold: 3521          SH:  0    Dex: 18    Spells: 25/25 levels left

rFire   . .          .
                       - Unarmed
rCold   + + +        (no shield)
rNeg    + + +        r - +17 plate armour "Wohengye" {+Blink Regen+ Dex+3}
rPois   ∞            u - +2 helmet {Int+3}
rElec   +            N - +2 cloak
rCorr   +            (gloves unavailable)
SInv    +            d - +1 pair of boots of Vuistim {Drain rElec Regen+}
Will    .....        C
                       - Hermit's Pendant {Faith Invo=14 Evo=0 MP+5} Stlth
                     L - ring "Fuyluy" {rElec rN+ rCorr Str+6}
HPRegen 2.28/turn    M - ring of Isaph {Fly rC++ SInv}
MPRegen 0.26/turn

%: random rage (3%), repel missiles, faith
@: petrified, weak-willed, engulfed, protected from cold, sanguine armoured,
flying, studying 2 skills, lightly drained, unable to drink
A: demonic guardian 3, icemail 2, robust 3, sanguine armour 3, condensation
shield, demonic touch 3, berserk 1, deformed body, sense surroundings 1, strong
1, no potion heal 1
}: 5/15 runes: decaying, slimy, silver, abyssal, gossamer
a: Renounce Religion, Evoke Blink, Upheaval, Elemental Force, Disaster Area


You were on level 2 of Cocytus.
You worshipped Qazlal.
Qazlal was exalted by your worship.
You visited 12 branches of the dungeon, and saw 53 of its levels.
You visited the Abyss 1 time.
You visited 1 bazaar.
You also visited: Volcano and Wizlab.

You collected 10180 gold pieces.
You spent 6659 gold pieces at shops.

Inventory:

Missiles
 K - 3 throwing nets (quivered)
 S - 14 silver javelins
Armour
 d - the +1 pair of boots of Vuistim (worn) {Drain rElec Regen+}
   (You found it on level 1 of the Crypt)

   rElec:     It insulates you from electricity.
   Regen:     It increases your rate of health regeneration.
   Drain:     It drains your maximum health when unequipped.
 p - the +1 cloak of the Trombone {Harm rF+ rN+}
   (You found it on level 5 of the Vaults)

   rF:        It protects you from fire.
   rN:        It protects you from negative energy.
   Harm:      It increases damage dealt and taken.
 r - the +17 plate armour "Wohengye" (worn) {+Blink Regen+ Dex+3}
   (You bought it in a shop in a bazaar)

   Dex:       It affects your dexterity (+3).
   +Blink:    It lets you blink.
   Regen:     It increases your rate of health regeneration.
 u - a +2 helmet of intelligence (worn)
 v - the quicksilver dragon scales of the Teacher {rPois Will+ MP+9 Str-2}
   (You found it on level 2 of the Swamp)

   Str:       It affects your strength (-2).
   rPois:     It protects you from poison.
   MP:        It affects your magic capacity (+9).
   Will:      It increases your willpower.
 N - a +2 cloak (worn)
 R - +8 gold dragon scales
 Z - a +2 pair of boots
Jewellery
 s - the ring "Vobla" {rF+ Slay+3}
   (You found it on level 5 of the Lair of Beasts)

   [ring of protection from fire]

   Slay:      It affects your accuracy & damage with ranged weapons and melee
   (+3).
   rF:        It protects you from fire.
 y - the ring "Siunal" {Drain rN+ Will+ Dex+5}
   (You found it on level 3 of the Crypt)

   [ring of positive energy]

   Dex:       It affects your dexterity (+5).
   rN:        It protects you from negative energy.
   Drain:     It drains your maximum health when unequipped.
   Will:      It increases your willpower.
 C - the Hermit's Pendant (around neck) {Faith Invo=14 Evo=0 MP+5}
   (You took it off a kobold on level 3 of the Dungeon)

   [amulet of faith]

   Invo=14: It sets your Invocations skill to 14.
   Evo=0: It sets your Evocations skill to 0.
   It allows you to gain divine favour quickly.
   MP:        It affects your magic capacity (+5).
 I - the amulet "Diumep" {Spirit rElec rPois Str+3 Int-4}
   (You found it on level 2 of the Depths)

   [amulet of guardian spirit]

   It causes incoming damage to be divided between your reserves of health and
   magic.
   Str:       It affects your strength (+3).
   Int:       It affects your intelligence (-4).
   rElec:     It insulates you from electricity.
   rPois:     It protects you from poison.
 L - the ring "Fuyluy" (left hand) {rElec rN+ rCorr Str+6}
   (You bought it in a shop on level 1 of the Elven Halls)

   [ring of strength]

   Str:       It affects your strength (+6).
   rElec:     It insulates you from electricity.
   rN:        It protects you from negative energy.
   rCorr:     It protects you from acid and corrosion.
 M - the ring of Isaph (right hand) {Fly rC++ SInv}
   (You found it on level 3 of the Crypt)

   [ring of see invisible]

   rC:        It greatly protects you from cold.
   SInv:      It lets you see invisible.
   Fly:       It grants you flight.
 Q - a ring of willpower
 V - an amulet of regeneration
 Y - the ring of Greed {rN+ Str+4 Int+3 Dex+2}
   (You found it on level 3 of the Crypt)

   [ring of positive energy]

   Str:       It affects your strength (+4).
   Int:       It affects your intelligence (+3).
   Dex:       It affects your dexterity (+2).
   rN:        It protects you from negative energy.
Wands
 b - a wand of digging (14)
 m - a wand of quicksilver (19)
 A - a wand of mindburst (37)
 J - a wand of charming (60)
Scrolls
 a - 13 scrolls of blinking
 e - 17 scrolls of teleportation
 f - 10 scrolls of fear
 g - 5 scrolls of immolation
 h - 6 scrolls of magic mapping
 j - 4 scrolls of enchant armour
 l - 6 scrolls of vulnerability
 t - 4 scrolls of silence
 B - 14 scrolls of poison
 E - 6 scrolls of butterflies
 G - 7 scrolls of fog
 W - 3 scrolls of torment
Potions
 c - 5 potions of heal wounds
 i - 7 potions of brilliance
 k - 10 potions of lignification
 n - 7 potions of might
 o - 25 potions of curing
 q - 5 potions of resistance
 w - 3 potions of haste
 z - 12 potions of flight
 F - 12 potions of mutation
 H - 4 potions of cancellation
 O - 7 potions of berserk rage
 P - 8 potions of attraction
 T - 10 potions of ambrosia
 U - 4 potions of invisibility
 X - 2 potions of magic


   Skills:
 + Level 24.8 Fighting
 - Level 1.7 Throwing
 * Level 22.6 Armour
 + Level 18.7 Dodging
 O Level 27 Unarmed Combat
 - Level 15.1(14.0) Invocations


You had 25 spell levels left.
You didn't know any spells.
Your spell library contained the following spells:

 Spells                   Type           Power      Damage    Failure   Level
 Apportation              Tloc           0%         N/A       67%         1
 Beastly Appendage        Tmut           0%         N/A       67%         1
 Freeze                   Ice            0%         1d3       67%         1
 Kiss of Death            Conj/Necr      0%         2d5       67%         1
 Magic Dart               Conj           0%         1d3       67%         1
 Necrotise                Necr           0%         1d4       67%         1
 Sting                    Tmut/Pois      0%         1d3       67%         1
 Summon Small Mammal      Summ           0%         N/A       67%         1
 Blink                    Tloc           0%         N/A       82%         2
 Call Imp                 Summ           0%         N/A       82%         2
 Cigotuvi's Dreadful Rot  Necr/Pois/Air  0%         N/A       82%         2
 Ensorcelled Hibernation  Hex/Ice        0%         N/A       82%         2
 Poisonous Vapours        Pois/Air       0%         N/A       82%         2
 Searing Ray              Conj           0%         2d4       82%         2
 Static Discharge         Conj/Air       0%         2-2/arc   82%         2
 Sublimation of Blood     Necr           0%         N/A       82%         2
 Wereblood                Tmut           0%         N/A       82%         2
 Call Canine Familiar     Summ           0%         N/A       96%         3
 Confusing Touch          Hex            0%         N/A       96%         3
 Frozen Ramparts          Ice            0%         1d1       96%         3
 Hailstorm                Conj/Ice       0%         3d3       96%         3
 Ignite Poison            Fire/Tmut/Pois 0%         N/A       96%         3
 Inner Flame              Hex/Fire       0%         N/A       96%         3
 Mephitic Cloud           Conj/Pois/Air  0%         N/A       96%         3
 Ozocubu's Armour         Ice            0%         N/A       96%         3
 Portal Projectile        Hex/Tloc       0%         N/A       96%         3
 Spider Form              Tmut/Pois      0%         N/A       96%         3
 Stone Arrow              Conj/Erth      0%         3d7       96%         3
 Summon Guardian Golem    Hex/Summ       0%         N/A       96%         3
 Swiftness                Air            0%         N/A       96%         3
 Teleport Other           Tloc           0%         N/A       96%         3
 Tukima's Dance           Hex            0%         N/A       96%         3
 Vampiric Draining        Necr           0%         2d6       96%         3
 Vhi's Electric Charge    Tloc/Air       0%         N/A       96%         3
 Volatile Blastmotes      Fire/Tloc      0%         2d10      96%         3
 Airstrike                Air            0%         2d(0-16)  100%        4
 Anguish                  Hex/Necr       0%         N/A       100%        4
 Animate Armour           Summ/Erth      0%         N/A       100%        4
 Animate Dead             Necr           0%         N/A       100%        4
 Dispel Undead            Necr           0%         3d6       100%        4
 Fulminant Prism          Conj/Hex       0%         3d5       100%        4
 Ice Form                 Ice/Tmut       0%         N/A       100%        4
 Iskenderun's Mystic Bla  Conj/Tloc      0%         2d3       100%        4
 Leda's Liquefaction      Hex/Erth       0%         N/A       100%        4
 Manifold Assault         Tloc           0%         N/A       100%        4
 Olgreb's Toxic Radiance  Pois           0%         N/A       100%        4
 Passage of Golubria      Tloc           0%         N/A       100%        4
 Petrify                  Tmut/Erth      0%         N/A       100%        4
 Summon Ice Beast         Ice/Summ       0%         N/A       100%        4
 Summon Lightning Spire   Summ/Air       0%         N/A       100%        4
 Agony                    Necr           0%         N/A       100%        5
 Alistair's Intoxication  Tmut/Pois      0%         N/A       100%        5
 Arcjolt                  Conj/Air       0%         1d10      100%        5
 Blade Hands              Tmut           0%         N/A       100%        5
 Borgnjor's Vile Clutch   Necr/Erth      0%         N/A       100%        5
 Freezing Cloud           Conj/Ice/Air   0%         6-21      100%        5
 Irradiate                Conj/Tmut      0%         3d11      100%        5
 Lee's Rapid Deconstruct  Erth           0%         3d4*      100%        5
 Metabolic Englaciation   Hex/Ice        0%         N/A       100%        5
 Silence                  Hex/Air        0%         N/A       100%        5
 Summon Forest            Summ/Tloc      0%         N/A       100%        5
 Summon Mana Viper        Hex/Summ       0%         N/A       100%        5
 Yara's Violent Unravell  Hex/Tmut       0%         3d3       100%        5
 Death Channel            Necr           0%         N/A       100%        6
 Dispersal                Tloc           0%         N/A       100%        6
 Eringya's Noxious Bog    Tmut/Pois      0%         N/A       100%        6
 Iron Shot                Conj/Erth      0%         9d1       100%        6
 Plasma Beam              Fire/Air       0%         2x1d11    100%        6
 Simulacrum               Ice/Necr       0%         N/A       100%        6
 Statue Form              Tmut/Erth      0%         N/A       100%        6
 Summon Cactus Giant      Summ           0%         N/A       100%        6
 Enfeeble                 Hex            0%         N/A       100%        7
 Malign Gateway           Summ/Tloc      0%         N/A       100%        7
 Monstrous Menagerie      Summ           0%         N/A       100%        7
 Storm Form               Tmut/Air       0%         N/A       100%        7
 Summon Hydra             Summ           0%         N/A       100%        7
 Borgnjor's Revivificati  Necr           0%         N/A       100%        8
 Disjunction              Tloc           0%         N/A       100%        8
 Lehudib's Crystal Spear  Conj/Erth      0%         10d2      100%        8
 Maxwell's Capacitive Co  Air            0%         ∞         100%        8
 Necromutation            Tmut/Necr      0%         N/A       100%        8
 Summon Horrible Things   Summ           0%         N/A       100%        8
 Chain Lightning          Conj/Air       0%         N/A       100%        9
 Dragon's Call            Summ           0%         N/A       100%        9


Dungeon Overview and Level Annotations

Branches:
Dungeon (15/15)            Temple (0/1) D:5            Lair (5/5) D:10
  Swamp (4/4) Lair:3       Spider (4/4) Lair:3        Slime (5/5) Lair:5
    Orc (2/2) D:11            Elf (3/3) Orc:2        Vaults (5/5) D:13
  Crypt (3/3) Vaults:3       Tomb (0/3) Crypt:3      Depths (4/4) D:15
   Hell (visited)             Dis (0/7) Hell            Geh (0/7) Hell
    Coc (2/7) Hell            Tar (0/7) Hell            Zot (0/5) Depths:4
Volcano (visited)          WizLab (visited)

Altars:
Cheibriados
Dithmenos
Fedhas
Gozag
Kikubaaqudgha
Okawaru
Qazlal
Ru
Sif Muna
Trog
Uskayaw
Vehumet
Wu Jian
Xom
Yredelemnul

Shops:
D:3 *   D:12 :   Orc:2 [::!   Elf:1 =*(   Elf:3 [!*   Vaults:5 *   Depths:2 ?

Portals:
Hell: Depths:1 Depths:2 Depths:3 Depths:4
Abyss: Depths:1 Depths:3
Pandemonium: Depths:2
Ziggurat: Depths:3

Annotations:
Crypt:1 3 runed translucent doors, Bunoc's ghost, veteran FoFi
Depths:4 exclusion: orange crystal statue


Innate Abilities, Weirdness & Mutations

A powerful demonic guardian rushes to your aid.
A meltable icy envelope protects you from harm. (AC +8)
You are extremely robust. (+30% HP)
When seriously injured, your blood forms very thick armour. (AC +12)
A meltable shield of frost defends you. (SH +4)
Your touch may irresistibly damage your foes and sap their willpower.
You sometimes lose your temper in combat.
Armour fits poorly on your strangely shaped body.
You passively map a small area around you.
Your muscles are strong. (Str +4, Int/Dex -1)
Potions are less effective at restoring your health.


Message History

* * * LOW HITPOINT WARNING * * *
The shard shrike claws you but does no damage.
The shard shrike claws you.
* * * LOW HITPOINT WARNING * * *
The shard shrike freezes you. You resist.
* * * LOW HITPOINT WARNING * * *
The iron dragon simulacrum bites you but does no damage.
The iron dragon simulacrum claws you but does no damage.
The iron dragon simulacrum tramples you but does no damage.
The water elemental hits you.
The shard shrike claws you but does no damage.
The water elemental hits you. The nargun hits you but does no damage.
The nargun bites you but does no damage.
The frost giant hits you with a +0 battleaxe of freezing!!
* * * LOW HITPOINT WARNING * * *
You feel more protected from cold. The frost giant freezes you.
The frost giant hits your Hell Sentinel but does no damage.
You recover from your berserk rage.
The shard shrike claws you but does no damage. x3
The shard shrike spits a shard of ice at you.
The shard of ice hits you! You partially resist.
* * * LOW HITPOINT WARNING * * *
Your Hell Sentinel hits the frost giant!!!
Your Hell Sentinel hits the frost giant!
The water elemental is engulfed in a thunderstorm.
The water elemental hits you.
* * * LOW HITPOINT WARNING * * *
The water elemental hits you.
The iron dragon simulacrum bites you but does no damage.
The iron dragon simulacrum claws you but does no damage.
The iron dragon simulacrum tramples you but does no damage.
A torrent of water rises up through the elemental wellspring!
The torrent of water passes through the water elemental.
The torrent of water hits you!
* * * LOW HITPOINT WARNING * * *
You are knocked back by the torrent of water.
You collide with the shard shrike!
The shard shrike is moderately wounded.
You die...

##~~~..~∩9W...##≈≈....
#≈≈~~.~~~~.#....≈≈≈≈~.≈
,
#≈≈~~.~~~~.###§..≈≈~~≈≈
, #≈≈≈~≈~.~..##
#...~~~~~,
#≈≈≈~≈≈.....####...≈~~~
#≈≈≈~~≈≈.....~~~~...≈≈≈
#≈≈≈≈~≈≈>...°1W~.~...≈≈
,
##≈≈≈~≈≈≈≈..§C9EE.....≈
,
#≈≈≈~~≈≈≈≈≈≈Z@Eb....≈≈
#≈≈≈≈~≈≈≈≈≈~b≈b....≈≈≈
##≈≈≈~~≈≈≈~°~§≈○≈≈≈≈≈≈
#≈≈≈~~~~≈~~~~~≈≈≈≈≈≈# ~
≈##≈~~#~~~~~≈≈≈## ~
##############


You could see 3 shard shrikes, a frost giant (ally target), an elemental
wellspring, a nargun, a freezing wraith, 2 water elementals, an iron dragon
simulacrum and a friendly Hell Sentinel (summoned).

Vanquished Creatures
  the Royal Jelly (Slime:5)
  3 dread liches
  2 ancient liches
  A juggernaut (Depths:4)
  Boris (thrice) (Depths:4 Vaults:4 Crypt:3)
  Parghit (Depths:4)
  Josephina (Crypt:2)
  Frederick (Depths:3)
  Saint Roka (Vaults:1)
  Margery (Depths:4)
  Xtahua (Vaults:3)
  Geryon (Hell)
  6 golden dragons
  The ghost of Jewicauj the Warrior, an adept MeFi of the Shining One (Depths:4)
  A bone dragon (Abyss:1)
  Mlioglotl (Swamp:2)
  8 tentacled monstrosities
  8 liches
  A walking frostbound tome (Depths:2)
  6 titans
  2 walking crystal tomes
  An Ice Fiend (Coc:2)
  2 deep elf master archers (Elf:3)
  2 deep elf blademasters (Elf:3)
  22 acid blobs
  8 ancient champions
  2 quicksilver dragons (Vaults:5)
  9 sphinxes
  Frances (Swamp:1)
  An Executioner (Abyss:1)
  A thorn hunter (Swamp:3)
  5 shadow dragons
  10 tentacled starspawn
  3 tengu reavers
  Gastronok (D:10)
  3 storm dragons (Vaults:5)
  Kirke (Swamp:1)
  Roxanne (Swamp:2)
  Donald (Spider:1)
  A draconian monk (Depths:4)
  15 rockslimes
  24 azure jellies
  6 revenants
  A nargun (Coc:1)
  2 draconian knights
  13 frost giants
  6 emperor scorpions
  5 iron dragons
  7 fire giants
  2 shard shrike simulacra
  3 balrugs
  9 vault wardens
  13 deep elf sorcerers
  Louise (Swamp:1)
  2 ghost moths (Spider:4)
  2 caustic shrike zombies
  A curse skull (Crypt:3)
  An orc warlord (Vaults:4)
  5 deep elf elementalists (Elf:3)
  6 ghouls
  13 very ugly things
  3 spriggan defenders (Depths:2)
  11 stone giants
  6 reapers (Hell)
  2 broodmothers
  13 quicksilver oozes
  2 war gargoyles
  17 ironbound preservers
  A caustic shrike skeleton (Hell)
  8 eleionomae
  7 deep elf demonologists
  3 ironbound thunderhulks
  2 elemental wellsprings
  A lorocyproca (Depths:1)
  The ghost of Elmgren the Grappler, a journeyman TrFi of Okawaru (Lair:3)
  A red draconian (Depths:4)
  2 yellow draconians (Depths:4)
  7 vampire knights
  4 deep elf annihilators (Elf:3)
  2 black draconians (Depths:4)
  A minotaur (Lair:3)
  A spectral titan (Crypt:3)
  2 wendigos
  7 spark wasps
  18 dire elephants
  A bunyip (Swamp:4)
  2 iron golems (Hell)
  5 eidola
  2 green deaths (Hell)
  9 deep elf death magi
  5 entropy weavers
  Snorg (Orc:2)
  3 merfolk javelineers
  7 yaktaur captains
  16 ettins
  A spriggan zombie (Crypt:1)
  13 fire dragons
  A fenstrider witch zombie (Crypt:3)
  14 jiangshi
  7 great orbs of eyes
  A shambling mangrove (Swamp:4)
  A hydra (shapeshifter) (Vaults:4)
  24 vault guards (Vaults:5)
  5 deep elf high priests
  7 ice dragons
  2 rakshasas
  11 hydras
  A ghost crab (Swamp:4)
  5 caustic shrike simulacra
  4 jorogumos (Spider:4)
  4 ogre magi
  6 spriggan air magi
  14 boulder beetles
  4 ironbound frosthearts
  A spriggan skeleton (Hell)
  2 catoblepae (Lair:5)
  15 centaur warriors
  2 death knights
  6 death yaks
  13 two-headed ogres
  A satyr (Abyss:3)
  5 deep troll shamans
  8 alligators
  5 orc high priests
  25 dancing weapons
  5 tengu warriors
  5 death scarabs (Spider:4)
  8 vampire magi
  9 hell hogs
  11 deep troll earth magi
  An alligator (shapeshifter) (Vaults:5)
  Urug (Orc:2)
  5 thrashing horrors
  7 hell knights
  10 soul eaters
  3 spriggan berserkers
  A titan zombie (Crypt:1)
  A titan skeleton (Crypt:1)
  18 deep elf knights
  8 sun demons
  An emperor scorpion zombie (Crypt:1)
  15 shadow wraiths
  2 sun moths
  9 pharaoh ants
  6 wretched stars
  6 iron trolls
  3 skysharks (Lair:4)
  36 skeletal warriors
  A death drake (shapeshifter) (Depths:1)
  3 goliath frogs
  2 sixfirhies
  4 orb spiders
  6 deep elf archers
  66 deep trolls
  A swamp dragon (shapeshifter) (Vaults:5)
  16 large abominations
  4 spriggan druids
  8 swamp dragons
  5 flayed ghosts
  6 steelbarb worms
  An anaconda zombie (Hell)
  2 spriggan simulacra (Abyss:2)
  A shadow demon (Abyss:2)
  6 wizards
  4 bog bodies
  34 phantasmal warriors
  3 glowing orange brains
  Pikel (D:8)
  12 lindwurms
  31 deep elf pyromancers
  A wolf spider zombie (Spider:4)
  3 harpies (D:15)
  8 ironbound convokers
  7 orc knights
  24 deep elf zephyrmancers
  7 necromancers
  A spectral wolf spider (Spider:4)
  42 starcursed masses
  5 cyclopes
  21 wolf spiders
  4 orc sorcerers
  5 shining eyes
  6 will-o-the-wisps
  A mana viper (Abyss:3)
  A draconian zombie (Hell)
  2 moths of wrath (Spider:4)
  10 manticores
  5 worldbinders
  20 ugly things
  2 centaur zombies (Crypt:1)
  An iron dragon skeleton (Abyss:3)
  A goliath frog skeleton (Crypt:2)
  A frost giant skeleton (Crypt:2)
  A salamander (Depths:4)
  A black mamba (shapeshifter) (Elf:1)
  2 elephants (Lair:5)
  15 vault sentinels
  A guardian serpent (shapeshifter) (D:13)
  5 eyes of devastation
  A naga zombie (Crypt:1)
  A titan simulacrum (Crypt:2)
  2 guardian serpents (Abyss:3)
  A storm dragon simulacrum (Crypt:2)
  13 smoke demons
  10 demonic crawlers
  3 black mambas
  17 cane toads
  An apocalypse crab (Abyss:3)
  3 orange demons
  An alligator snapping turtle zombie (Abyss:3)
  2 kobold demonologists
  3 molten gargoyles (Hell)
  5 hellions
  4 spectral redbacks (Spider:4)
  An alligator snapping turtle skeleton (Crypt:1)
  6 torpor snails
  A naga skeleton (Crypt:1)
  A tormentor (Abyss:1)
  2 ice devils (Hell)
  11 freezing wraiths
  A shock serpent skeleton (Crypt:1)
  24 yaktaurs
  A yaktaur (shapeshifter) (Depths:2)
  9 tengu conjurers
  2 bunyip simulacra (Hell)
  9 komodo dragons
  Psyche (D:8)
  A purple draconian skeleton (Crypt:1)
  A sea snake zombie (Crypt:3)
  8 rime drakes
  6 ancient zymes
  A white draconian skeleton (Crypt:3)
  A komodo dragon (shapeshifter) (Elf:1)
  A spectral deep troll (Crypt:3)
  An efreet (D:15)
  A minotaur skeleton (Crypt:3)
  6 meliai
  A golden dragon simulacrum (Coc:1)
  A yellow draconian skeleton (Crypt:1)
  2 spectral tarantellas (Spider:4)
  5 trolls
  6 hornets
  A troll (shapeshifter) (Depths:3)
  A spectral jumping spider (Spider:4)
  A shadow dragon simulacrum (Hell)
  A bloated husk (Swamp:4)
  3 spectral culicivoras (Spider:4)
  2 red devils (Hell)
  28 tarantellas
  A hellwing (Abyss:1)
  2 polar bears
  9 tyrant leeches
  A hydra skeleton (Abyss:3)
  A jumping spider zombie (Spider:4)
  A tarantella zombie (Spider:4)
  An alligator zombie (Crypt:1)
  10 blink frogs
  15 raiju
  An ettin zombie (Crypt:3)
  2 harpy skeletons
  3 dream sheep (Lair:5)
  104 slime creatures
  Sigmund (D:6)
  19 jumping spiders
  A black mamba zombie (Hell)
  5 spriggans
  26 culicivoras
  9 flying skulls (Crypt:3)
  2 centaur simulacra
  3 dire elephant simulacra
  15 wraiths
  9 water elementals
  An ettin skeleton (Hell)
  12 shadows
  2 air elementals (Elf:1)
  5 wyverns
  6 vampires
  A hog (shapeshifter) (Vaults:5)
  6 ynoxinuls
  63 yaks
  2 naga simulacra
  A wind drake zombie (Crypt:1)
  Eustachio (D:6)
  A golden eye (shapeshifter) (Vaults:5)
  8 basilisks
  A yak (shapeshifter) (D:14)
  8 vampire mosquitoes (D:13)
  5 fire bats
  9 fire elementals
  Grum (D:8)
  A steam dragon (Lair:5)
  9 golden eyes
  2 chaos spawn
  3 hogs
  56 redbacks
  6 neqoxecs
  6 swamp worm simulacra (Swamp:4)
  2 wargs (Vaults:1)
  Menkaure (D:6)
  5 harpy simulacra
  4 two-headed ogre zombies
  A swamp worm (shapeshifter) (D:12)
  3 acid dragons
  An entropy weaver zombie (Crypt:2)
  Duvessa (D:5)
  A faun zombie (Crypt:2)
  7 hell hounds
  16 hydra simulacra
  17 water moccasins
  21 swamp worms
  3 ice beasts
  32 orc warriors
  3 swamp drakes (Lair:5)
  2 sky beasts
  4 black bears
  A black mamba simulacrum (Coc:2)
  2 centaurs
  22 wolves
  A lindwurm skeleton (Crypt:1)
  A phantom (D:4)
  12 ogres
  A blink frog skeleton (Crypt:2)
  A lemure (D:8)
  11 bullfrogs
  2 kobold brigands
  3 necrophages
  5 scorpions
  16 small abominations
  A cyclops skeleton (Crypt:2)
  5 wights (WizLab)
  Dowan (D:5)
  10 killer bees
  8 troll zombies (WizLab)
  7 electric eels
  A wolf zombie (Crypt:3)
  3 howler monkeys
  A hound (D:6)
  A human simulacrum (Vaults:3)
  2 jellies
  20 orc priests
  2 quasits (Abyss:1)
  2 centaur skeletons
  2 gnoll boudas (D:8)
  An iron imp (Abyss:1)
  Jessica (D:3)
  4 iguanas
  3 sleepcaps
  33 orc wizards
  8 hell rats (Hell)
  A killer bee zombie (Crypt:2)
  5 ogre zombies (WizLab)
  15 gnolls
  10 adders
  A shadow imp (D:6)
  6 white imps
  8 ufetubi
  2 swamp drake simulacra (Swamp:4)
  7 worms
  4 dart slugs
  87 orcs
  5 bats
  6 endoplasms
  5 giant cockroaches
  4 goblins
  11 hobgoblins
  5 jackals
  16 kobolds
  3 quokkas
  6 ball pythons
  5 frilled lizards
  A giant cockroach zombie (Crypt:2)
  A kobold skeleton (Crypt:1)
  6 rats
  3 lurking horrors
  A starspawn tentacle (Abyss:3)
2449 creatures vanquished.

Vanquished Creatures (collateral kills)
  An acid blob (Slime:1)
  An azure jelly (Slime:1)
  2 narguns
  An emperor scorpion (Spider:4)
  A vault warden (Vaults:1)
  Nessos (D:13)
  A dire elephant (Vaults:2)
  A wendigo (Coc:1)
  2 hell beasts (Hell)
  A centaur warrior (Vaults:3)
  A thrashing horror (Abyss:3)
  A tengu warrior (Depths:3)
  2 sun demons (Hell)
  3 deep elf knights (Elf:3)
  A shadow wraith (Crypt:3)
  An orb spider (Spider:2)
  2 ironbound convokers
  3 deep trolls (Vaults:3)
  A deep elf archer (Elf:3)
  An orc knight (Orc:2)
  A wolf spider (Spider:2)
  A deep elf zephyrmancer (Elf:3)
  2 lindwurms (Vaults:1)
  A phantasmal warrior (Crypt:3)
  A wizard (Vaults:2)
  A deep elf pyromancer (Elf:3)
  3 ugly things (Vaults:2)
  2 large abominations
  An eye of devastation (Slime:1)
  An orange demon (Abyss:1)
  A moth of wrath (Spider:2)
  A cane toad (Lair:1)
  3 torpor snails
  A komodo dragon (Lair:5)
  A rime drake (Lair:5)
  A yaktaur (Vaults:2)
  A freezing wraith (Crypt:3)
  A spectral tarantella (Spider:4)
  A culicivora zombie (Crypt:3)
  A raiju (Abyss:3)
  A slime creature (Vaults:1)
  A stone giant simulacrum (Coc:1)
  A shadow (Crypt:3)
  A dire elephant simulacrum (Coc:2)
  A wraith (Crypt:3)
  A naga simulacrum (Coc:1)
  A chaos spawn (Abyss:2)
  A redback (Spider:1)
  A harpy simulacrum (Coc:2)
  A small abomination (Abyss:3)
  3 orc warriors
  A wolf (Lair:5)
  An ogre (Orc:1)
  A quasit (Abyss:1)
  5 orc priests
  4 starcursed masses (Abyss:2)
  2 orc wizards (Orc:1)
  2 orcs (Orc:1)
  A lurking horror (Abyss:1)
84 creatures vanquished.

Vanquished Creatures (others)
  A dire elephant (Vaults:1)
  A ghost crab (Swamp:4)
  A deep elf knight (Elf:2)
  A deep elf pyromancer (Elf:1)
  An unseen horror (Abyss:3)
  A tyrant leech (Swamp:4)
  A golden dragon simulacrum (Coc:2)
  2 bloated husks
  A tarantella (Spider:4)
  A culicivora (Spider:1)
  An ogre (Vaults:5)
  An orc (Orc:1)
  38 foxfires
  3 lurking horrors
  15 starspawn tentacles
69 creatures vanquished.

Grand Total: 2602 creatures vanquished

Notes
Turn   | Place    | Note
-------+----------+-------------------------------------------
     0 | D:1      | u553311 the Demonspawn Gladiator began the quest for the
                  | Orb.
     0 | D:1      | Reached XP level 1. HP: 16/16 MP: 1/1
    58 | D:1      | Reached skill level 3 in Unarmed Combat
   130 | D:1      | Gained mutation: A meltable shield of frost defends you.
                  | (SH +4) [demonic ancestry]
   130 | D:1      | Reached XP level 2. HP: 21/22 MP: 2/2
   480 | D:1      | Gained mutation: A meltable icy envelope protects you from
                  | harm. (AC +8) [demonic ancestry]
   480 | D:1      | Reached XP level 3. HP: 20/27 MP: 3/3
   825 | D:2      | Reached skill level 4 in Unarmed Combat
  1575 | D:3      | Gained mutation: Your touch may inflict minor irresistible
                  | damage on your foes. [demonic ancestry]
  1575 | D:3      | Reached XP level 4. HP: 33/33 MP: 4/4
  1599 | D:3      | You fall into a shaft and drop 3 floors!
  1602 | D:6      | Identified the +1 ring mail of the Lion {rN++}
  1608 | D:6      | Found a shimmering altar of Xom.
  1649 | D:7      | Noticed an ice beast
  1792 | D:7      | Reached skill level 5 in Unarmed Combat
  1847 | D:6      | Noticed an ogre
  1856 | D:7      | Noticed a scorpion
  1865 | D:7      | Killed a scorpion
  1866 | D:7      | Reached XP level 5. HP: 25/38 MP: 5/5
  1973 | D:7      | Reached skill level 6 in Unarmed Combat
  2081 | D:7      | Noticed a water moccasin
  2182 | D:7      | Gained mutation: When seriously injured, your blood forms
                  | armour. (AC +12) [demonic ancestry]
  2182 | D:7      | Reached XP level 6. HP: 24/44 MP: 6/6
  2269 | D:7      | Found a stormy altar of Qazlal.
  2274 | D:7      | Became a worshipper of Qazlal Stormbringer
  2310 | D:7      | Found a shimmering blue altar of Sif Muna.
  2359 | D:6      | Noticed Sigmund
  2427 | D:6      | Killed Sigmund
  2428 | D:6      | Reached skill level 7 in Unarmed Combat
  2428 | D:6      | Gained mutation: A meltable icy envelope protects you from
                  | harm. (AC +8) [demonic ancestry]
  2428 | D:6      | Reached XP level 7. HP: 33/50 MP: 7/7
  2493 | D:6      | Noticed Menkaure
  2504 | D:6      | Killed Menkaure
  2505 | D:6      | Reached skill level 8 in Unarmed Combat
  2539 | D:5      | Entered Level 5 of the Dungeon
  2851 | D:6      | Reached skill level 9 in Unarmed Combat
  2851 | D:6      | Gained mutation: A weak demonic guardian rushes to your
                  | aid. [demonic ancestry]
  2851 | D:6      | Reached XP level 8. HP: 43/56 MP: 8/8
  2858 | D:6      | Found a hide-covered altar of Uskayaw.
  2924 | D:5      | Reached * piety under Qazlal
  3534 | D:4      | Reached ** piety under Qazlal
  3556 | D:4      | Reached skill level 10 in Unarmed Combat
  4094 | D:3      | Noticed Jessica
  4097 | D:3      | Killed Jessica
  4174 | D:3      | Found Zuoceshratt's Assorted Antiques.
  4220 | D:3      | Bought a small silver ring for 95 gold pieces
  4615 | D:5      | Noticed Dowan
  4617 | D:5      | Noticed Duvessa
  4629 | D:5      | Killed Dowan
  4643 | D:5      | Killed Duvessa
  4862 | D:5      | Found a blossoming altar of Fedhas.
  5036 | D:5      | Found a staircase to the Ecumenical Temple.
  5529 | D:6      | Reached skill level 11 in Unarmed Combat
  5540 | D:6      | Noticed Eustachio
  5550 | D:6      | Killed Eustachio
  5551 | D:6      | Reached XP level 9. HP: 61/61 MP: 19/19
  5977 | D:6      | Reached *** piety under Qazlal
  6203 | D:7      | Found a shadowy altar of Dithmenos.
  6379 | D:7      | Reached skill level 12 in Unarmed Combat
  6620 | D:8      | Noticed Grum
  6819 | D:8      | Noticed Psyche
  6946 | D:8      | Killed Psyche
  6947 | D:8      | Reached skill level 13 in Unarmed Combat
  6982 | D:8      | Noticed Pikel
  7097 | D:8      | Killed Grum
  7097 | D:8      | Reached **** piety under Qazlal
  7180 | D:8      | Killed Pikel
  7181 | D:8      | Reached XP level 10. HP: 48/67 MP: 20/20
  7367 | D:8      | Found an opulent altar of Gozag.
  7472 | D:9      | Noticed a deep elf pyromancer
  7700 | D:9      | Found a snail-covered altar of Cheibriados.
  7720 | D:9      | Killed a deep elf pyromancer
  7721 | D:9      | Reached skill level 14 in Unarmed Combat
  7890 | D:9      | Reached skill level 1 in Armour
  8072 | D:9      | Reached ***** piety under Qazlal
  8222 | D:9      | Noticed a moth of wrath
  8225 | D:9      | Found a bloodstained altar of Trog.
  8505 | D:10     | Entered Level 10 of the Dungeon
  8865 | D:10     | Gained mutation: Your touch may inflict irresistible damage
                  | on your foes. [demonic ancestry]
  8865 | D:10     | Reached XP level 11. HP: 57/77 MP: 21/21
  8995 | D:10     | Found a staircase to the Lair.
  9061 | D:10     | Noticed Gastronok
  9076 | D:10     | Killed Gastronok
  9253 | D:10     | Reached skill level 5 in Fighting
  9253 | D:10     | Reached skill level 5 in Dodging
  9380 | D:10     | Got Qopneh Fur's Exposition on Glamour and Wanderlust
  9393 | D:10     | Found a radiant altar of Vehumet.
  9611 | D:10     | Found a sacrificial altar of Ru.
 10583 | D:11     | Found a staircase to the Orcish Mines.
 10910 | D:11     | Reached skill level 15 in Unarmed Combat
 11398 | D:12     | Noticed a boulder beetle
 11610 | D:11     | Reached ****** piety under Qazlal
 11833 | D:12     | Noticed a purple ugly thing
 11839 | D:12     | Killed a purple ugly thing
 11840 | D:12     | Reached XP level 12. HP: 91/91 MP: 22/22
 11872 | D:12     | Noticed a boulder beetle
 11880 | D:12     | Killed a boulder beetle
 11892 | D:12     | Found Tuom's Vocational Training.
 11940 | D:12     | Noticed a boulder beetle
 11952 | D:12     | Killed a boulder beetle
 12083 | D:12     | Killed a boulder beetle
 12678 | Lair:1   | Entered Level 1 of the Lair of Beasts
 13635 | Lair:2   | Noticed a boulder beetle
 13656 | Lair:2   | Noticed an eight-headed hydra
 13658 | Lair:2   | Killed a boulder beetle
 13659 | Lair:2   | Reached skill level 16 in Unarmed Combat
 13664 | Lair:2   | Killed an eight-headed hydra
 13723 | Lair:2   | Noticed a boulder beetle
 13737 | Lair:2   | Killed a boulder beetle
 13743 | Lair:2   | Gained mutation: When seriously injured, your blood forms
                  | thick armour. (AC +12) [demonic ancestry]
 13743 | Lair:2   | Reached XP level 13. HP: 75/101 MP: 23/23
 14884 | Lair:3   | Reached skill level 10 in Fighting
 14995 | Lair:3   | Noticed Elmgren's ghost (journeyman TrFi)
 14996 | Lair:3   | Noticed a minotaur
 15017 | Lair:3   | Found a runed translucent gate.
 15017 | Lair:3   | Found a runed translucent gate.
 15017 | Lair:3   | Found a runed translucent gate.
 15071 | Lair:3   | Found a hole to the Spider Nest.
 15263 | Lair:3   | Found a staircase to the Swamp.
 15802 | Lair:4   | Reached skill level 10 in Dodging
 16508 | Lair:5   | Entered Level 5 of the Lair of Beasts
 16780 | Lair:5   | Reached skill level 17 in Unarmed Combat
 16873 | Lair:4   | Gained mutation: When seriously injured, your blood forms
                  | very thick armour. (AC +12) [demonic ancestry]
 16873 | Lair:4   | Reached XP level 14. HP: 76/113 MP: 24/24
 17057 | Lair:5   | Found a runed translucent door.
 17061 | Lair:5   | Noticed an azure jelly
 17062 | Lair:5   | Found a staircase to the Slime Pits.
 17062 | Lair:5   | Noticed an azure jelly
 18163 | Lair:5   | Identified the ring "Vobla" {rF+ Slay+3}
 18540 | D:12     | Bought a manual of Invocations for 960 gold pieces
 18790 | D:3      | Bought a potion of curing for 57 gold pieces
 18997 | D:13     | Noticed Nessos
 19008 | D:13     | Killed Nessos
 19009 | D:13     | Reached skill level 1 in Invocations
 19171 | D:13     | Noticed an ironbound preserver
 19307 | D:12     | Killed an ironbound preserver
 19432 | D:13     | Found a gate to the Vaults.
 19470 | D:13     | Reached skill level 5 in Invocations
 20759 | D:15     | Entered Level 15 of the Dungeon
 20984 | D:15     | HP: 3/116 [meliai/divine providence (14)]
 21258 | D:15     | Reached XP level 15. HP: 108/122 MP: 25/25
 21985 | D:15     | Found a staircase to the Depths.
 22476 | Orc:1    | Entered Level 1 of the Orcish Mines
 22476 | Orc:1    | Found an iron altar of Okawaru.
 22803 | Orc:2    | Entered Level 2 of the Orcish Mines
 22813 | Orc:2    | Noticed Snorg
 22827 | Orc:1    | Reached skill level 18 in Unarmed Combat
 22861 | Orc:2    | Killed Snorg
 22890 | Orc:2    | Found a dark tunnel.
 23017 | Volcano  | Entered a volcano
 23087 | Volcano  | Reached skill level 10 in Invocations
 23288 | Orc:2    | Found a staircase to the Elven Halls.
 23361 | Orc:2    | Found a shimmering blue altar of Sif Muna.
 23442 | Orc:2    | Noticed Urug
 23454 | Orc:2    | Killed Urug
 23872 | Orc:2    | Found Tioh's Book Boutique.
 23872 | Orc:2    | Found Dosis's Distillery.
 23874 | Orc:2    | Found Gitozira's Antique Armour Boutique.
 23874 | Orc:2    | Found Silecs's Book Emporium.
 24639 | Swamp:1  | Entered Level 1 of the Swamp
 24643 | Swamp:1  | Noticed Kirke
 24930 | Spider:1 | Entered Level 1 of the Spider Nest
 25496 | Spider:1 | Noticed an emperor scorpion
 25502 | Spider:1 | Killed an emperor scorpion
 26182 | Spider:1 | Identified the +1 robe of Folisucs {Rampage rElec rC+
                  | Int-2}
 26272 | Spider:1 | Reached XP level 16. HP: 123/133 MP: 26/26
 26276 | Spider:1 | Found a hide-covered altar of Uskayaw.
 26379 | Spider:1 | Noticed Donald
 26384 | Spider:1 | Killed Donald
 27114 | Spider:2 | Identified the +4 ring mail of the Abyss {rN+ Dex-4 Stlth+}
 28355 | Spider:3 | Reached skill level 15 in Invocations
 28992 | Spider:4 | Entered Level 4 of the Spider Nest
 29021 | Spider:4 | Reached skill level 19 in Unarmed Combat
 30396 | Spider:4 | Reached skill level 20 in Unarmed Combat
 31719 | Spider:4 | Reached XP level 17. HP: 140/140 MP: 27/27
 32730 | Spider:4 | Reached skill level 21 in Unarmed Combat
 33065 | Spider:4 | Got a gossamer rune of Zot
 33457 | Elf:1    | Entered Level 1 of the Elven Halls
 33498 | Elf:1    | Got the Directory of Dislocated Breath
 33542 | Elf:1    | Found Zubbiabu's Jewellery Boutique.
 33551 | Elf:1    | Found Jybatu's General Store.
 33556 | Elf:1    | Bought 2 scrolls of butterflies for 120 gold pieces
 33556 | Elf:1    | Bought a scroll of identify for 30 gold pieces
 33737 | Elf:1    | Paralysed by an air elemental for 1 turns
 34544 | Elf:1    | Found Omemou's Antique Weapon Shop.
 34940 | Elf:2    | Reached skill level 22 in Unarmed Combat
 35131 | Elf:2    | Found a runed translucent gate.
 35132 | Elf:2    | Found a runed translucent gate.
 35132 | Elf:2    | Found a runed translucent gate.
 36344 | Vaults:1 | Entered Level 1 of the Vaults
 36373 | Vaults:1 | Noticed Saint Roka
 36410 | Vaults:1 | Killed Saint Roka
 37625 | Vaults:1 | Gained mutation: You are robust. (+10% HP) [demonic
                  | ancestry]
 37625 | Vaults:1 | Reached XP level 18. HP: 121/161 MP: 28/28
 38116 | Vaults:1 | Reached skill level 23 in Unarmed Combat
 39352 | Vaults:2 | Found a magical portal.
 39365 | WizLab   | Entered Zonguldrok's Shrine
 39997 | WizLab   | Noticed an antique lich
 40007 | WizLab   | Killed an antique lich
 40008 | WizLab   | Reached skill level 24 in Unarmed Combat
 40010 | WizLab   | Found the +9 sword of Zonguldrok {reap}
 41978 | Vaults:3 | Noticed a lich
 41988 | Vaults:3 | Killed a lich
 42035 | Vaults:3 | Reached XP level 19. HP: 146/168 MP: 29/29
 42241 | Vaults:3 | Noticed Xtahua
 42251 | Vaults:3 | Killed Xtahua
 42677 | Vaults:3 | Found a staircase to the Crypt.
 43250 | Orc:2    | Bought a potion of heal wounds for 80 gold pieces
 43250 | Orc:2    | Bought a potion of haste for 160 gold pieces
 43250 | Orc:2    | Bought a potion of lignification for 48 gold pieces
 43250 | Orc:2    | Bought 2 potions of mutation for 256 gold pieces
 43250 | Orc:2    | Bought a potion of haste for 160 gold pieces
 43253 | Orc:2    | Bought a heavily runed chain mail for 294 gold pieces
 43253 | Orc:2    | Identified the +0 chain mail of Midwinter {Rampage rC++
                  | SInv Stlth-} (You bought it in a shop on level 2 of the
                  | Orcish Mines)
 43353 | Elf:1    | Bought the ring "Fuyluy" {rElec rN+ rCorr Str+6} for 1016
                  | gold pieces
 43712 | Slime:1  | Entered Level 1 of the Pits of Slime
 43729 | Slime:1  | Reached skill level 25 in Unarmed Combat
 43776 | Slime:1  | Gained mutation: Your body sometimes deteriorates upon
                  | taking damage. [a shining eye]
 43776 | Slime:1  | HP: 5/168 [disintegration (40)]
 43778 | Slime:1  | Gained mutation: Armour fits poorly on your strangely
                  | shaped body. [a shining eye]
 44081 | Slime:1  | Gained mutation: You have hidden genetic potential. [a
                  | shining eye]
 44494 | Depths:1 | Entered Level 1 of the Depths
 45524 | Elf:3    | Entered Level 3 of the Elven Halls
 45544 | Elf:3    | Found Hafru's Assorted Antiques.
 45553 | Elf:3    | Reached skill level 26 in Unarmed Combat
 45911 | Elf:3    | Found Buun's Armour Shop.
 45919 | Elf:3    | Found Kathras's Distillery.
 46387 | Elf:3    | Found a flickering gateway to a bazaar.
 46395 | Bazaar   | Entered a bazaar
 46395 | Bazaar   | Found Kisuzxob's Assorted Antiques.
 46395 | Bazaar   | Found Neuce's Antique Armour Shop.
 46395 | Bazaar   | Found Kariph's Armour Shop.
 46395 | Bazaar   | Found Nuxawn's Jewellery Boutique.
 46408 | Bazaar   | Bought a scroll labelled VUMATI DY GUATIM for 23 gold
                  | pieces
 46414 | Bazaar   | Acquired 976 gold pieces
 46418 | Bazaar   | Bought quicksilver dragon scales for 1380 gold pieces
 46422 | Bazaar   | Bought the +17 plate armour "Wohengye" {+Blink Regen+
                  | Dex+3} for 952 gold pieces
 46426 | Bazaar   | Bought a scroll of fear for 92 gold pieces
 46426 | Bazaar   | Bought a scroll of enchant armour for 172 gold pieces
 46426 | Bazaar   | Bought a scroll of blinking for 172 gold pieces
 46846 | Elf:3    | Gained mutation: You are very robust. (+20% HP) [demonic
                  | ancestry]
 46846 | Elf:3    | Reached XP level 20. HP: 168/192 MP: 30/30
 47521 | Elf:3    | Bought a +2 pair of gloves of stealth for 322 gold pieces
 48128 | Elf:3    | Identified the +1 plate armour of Sofuan {rC+ SInv}
 48138 | Elf:3    | Reached skill level 27 in Unarmed Combat
 48181 | Elf:3    | Identified the +6 short sword of Chewing Anguish {speed,
                  | Drain rC++}
 48217 | Elf:3    | Identified the +0 scale mail of Bunups {rCorr Dex+3}
 48435 | Elf:3    | Got the Information on the Flammable Welkin
 48442 | Elf:3    | Got Wuijotyu's Compendium of Calling and the Wendigo
 48444 | Elf:3    | Identified the staff of poison "Jucwuefy" {*Corrode rElec
                  | rPois rC++ Dex+3}
 49049 | Elf:2    | Reached skill level 15 in Fighting
 49155 | Elf:2    | Reached skill level 5 in Armour
 49790 | Swamp:1  | Killed Kirke
 50013 | Swamp:1  | You fall into a shaft and drop 1 floor!
 50023 | Swamp:2  | Noticed Mlioglotl
 50048 | Swamp:2  | Killed Mlioglotl
 50248 | Swamp:2  | Identified Roxanne's Information on Therianthropy
 50248 | Swamp:2  | Noticed Roxanne
 50306 | Swamp:1  | Noticed Louise
 50323 | Swamp:1  | Killed Louise
 50416 | Swamp:1  | Noticed Frances
 50425 | Swamp:1  | Killed Frances
 51058 | Swamp:2  | Killed Roxanne
 51066 | Swamp:2  | Identified the quicksilver dragon scales of the Teacher
                  | {rPois Will+ MP+9 Str-2}
 51363 | Swamp:3  | Identified the +8 halberd of Mevvibo {freeze, rCorr Int+4}
 51783 | Swamp:4  | Entered Level 4 of the Swamp
 52471 | Swamp:4  | Got a decaying rune of Zot
 53326 | Lair:3   | Killed Elmgren's ghost
 54163 | Depths:1 | Paralysed by a sphinx for 5 turns
 54171 | D:15     | Reached XP level 21. HP: 157/214 MP: 31/31
 54179 | D:15     | Paralysed by a sphinx for 3 turns
 54348 | Depths:1 | Found a one-way gate to the infinite horrors of the Abyss.
 54668 | Depths:1 | Found a shimmering altar of Xom.
 54785 | Depths:1 | Found a gateway to Hell.
 55220 | Depths:2 | Gained mutation: You passively map a small area around you.
                  | [hidden potential]
 55228 | Depths:2 | Noticed a golden dragon
 55269 | Depths:2 | Killed a golden dragon
 55405 | Depths:2 | Identified the amulet "Diumep" {Spirit rElec rPois Str+3
                  | Int-4}
 55528 | Depths:2 | Reached skill level 10 in Armour
 55573 | Depths:2 | Identified the +6 scimitar of Sunlight {drain, *Corrode
                  | rElec rPois}
 55625 | Depths:2 | Found Vavaze's Magic Scroll Shoppe.
 55871 | Depths:2 | Bought a scroll of teleportation for 33 gold pieces
 55871 | Depths:2 | Bought 2 scrolls of poison for 88 gold pieces
 55871 | Depths:2 | Bought a scroll of poison for 44 gold pieces
 55871 | Depths:2 | Bought a scroll of teleportation for 33 gold pieces
 56011 | Depths:2 | Identified the +2 demon trident of the Desert {freeze,
                  | *Noise rPois Dex+4 Stlth+}
 56119 | Depths:2 | Got the Information on Glamour and Orogeny
 56165 | Depths:2 | Found a one-way gate leading to the halls of Pandemonium.
 56230 | Depths:2 | Identified the staff of air "Acunaq" {rElec rPois}
 56356 | Depths:2 | Found an ornate altar of the Wu Jian Council.
 56550 | Depths:3 | Noticed Frederick
 56607 | Depths:3 | Killed Frederick
 57120 | Depths:3 | Found a one-way gateway to a ziggurat.
 57147 | Depths:3 | Noticed a golden dragon
 57175 | Depths:4 | Entered Level 4 of the Depths
 57203 | Depths:4 | Noticed a caustic shrike
 57203 | Depths:4 | Noticed a caustic shrike
 57203 | Depths:4 | Noticed a caustic shrike
 57203 | Depths:4 | Noticed a caustic shrike
 57279 | Depths:4 | Noticed Margery
 57507 | Depths:3 | Killed a golden dragon
 57517 | Depths:3 | Noticed a golden dragon
 57527 | Depths:3 | Killed a golden dragon
 57538 | Depths:3 | Gained mutation: You are extremely robust. (+30% HP)
                  | [demonic ancestry]
 57538 | Depths:3 | Reached XP level 22. HP: 191/249 MP: 32/32
 57799 | Depths:3 | Got the Guidebook on Fateful Coordinates
 58235 | Depths:4 | Killed Margery
 58288 | Depths:4 | Noticed a juggernaut
 58300 | Depths:4 | Killed a juggernaut
 58311 | Depths:4 | Noticed Boris
 58317 | Depths:4 | Noticed Parghit
 58335 | Depths:4 | Upgraded the game from 0.30.1-1-g62c8e00024 to
                  | 0.30.1-3-gfc49f6343a
 58530 | Depths:4 | Found a large runed translucent door.
 58530 | Depths:4 | Found a large runed translucent door.
 58532 | Depths:4 | Noticed Jewicauj's ghost (adept MeFi)
 58846 | Depths:4 | Killed Boris
 58861 | Depths:4 | Gained mutation: Your muscles are strong. (Str +4, Int/Dex
                  | -1) [hidden potential]
 58861 | Depths:4 | Lost mutation: You have hidden genetic potential. [hidden
                  | potential expressed]
 58867 | Depths:4 | Found a gate to the Realm of Zot.
 58993 | Depths:4 | Killed Parghit
 59475 | Depths:4 | Killed Jewicauj's ghost
 59482 | Depths:4 | Acquired the +0 pair of boots of Utwis {rF+ rN++ Int-4
                  | Stlth+}
 59937 | Vaults:4 | Noticed Boris
 59952 | Vaults:4 | Killed Boris
 60408 | Vaults:4 | Reached skill level 15 in Armour
 60976 | Vaults:5 | Entered Level 5 of the Vaults
 60980 | Vaults:5 | Gained mutation: Your touch may irresistibly damage your
                  | foes and sap their willpower. [demonic ancestry]
 60980 | Vaults:5 | Reached XP level 23. HP: 262/262 MP: 21/33
 61007 | Vaults:5 | Noticed a dread lich
 61021 | Vaults:5 | Paralysed by a dread lich for 3 turns
 61055 | Vaults:4 | Killed a dread lich
 61213 | Vaults:5 | Paralysed by something for 4 turns
 61214 | Vaults:5 | Noticed a dread lich
 61366 | Vaults:5 | Killed a dread lich
 61790 | Vaults:5 | Noticed a dread lich
 61829 | Vaults:5 | Killed a dread lich
 61985 | Vaults:5 | Found Cezelu's General Store.
 62005 | Vaults:5 | Identified the +2 scale mail "Lamayr" {Int+3}
 62006 | Vaults:5 | Identified the +8 sling of Nuntuatu {flame, Int+4}
 62014 | Vaults:5 | Bought a scroll of fear for 72 gold pieces
 62149 | Vaults:5 | Got a silver rune of Zot
 62663 | Vaults:5 | Identified the ring of Eternal Harmony {rElec rCorr MP+9
                  | SInv}
 62989 | Vaults:5 | Identified the ring of Caeppofap {+Blink rN+}
 63017 | Vaults:5 | Identified the +1 cloak of the Trombone {Harm rF+ rN+}
 64734 | Slime:2  | Gained mutation: A demonic guardian rushes to your aid.
                  | [demonic ancestry]
 64734 | Slime:2  | Reached XP level 24. HP: 276/276 MP: 33/33
 64948 | Slime:4  | Lost mutation: Your body sometimes deteriorates upon taking
                  | damage. [a shining eye]
 65506 | Slime:5  | Entered Level 5 of the Pits of Slime
 65590 | Slime:5  | Noticed the Royal Jelly
 65782 | Slime:5  | Killed the Royal Jelly
 66005 | Slime:5  | Identified the +1 battleaxe of the Hierophant {spect,
                  | +Blink}
 66021 | Slime:5  | Identified the staff of poison "Legasut" {rPois Str+4
                  | Stlth+}
 66036 | Slime:5  | Identified the +3 halberd "Jellybane" {heavy, rC+ Will+
                  | Stlth+}
 66065 | Slime:5  | Got a slimy rune of Zot
 66091 | Slime:5  | Identified the +9 dagger "Coptac" {distort, rPois}
 66094 | Slime:5  | Identified the ring of Saskihe {rPois rCorr Str-2 Slay+4}
 66852 | Crypt:1  | Entered Level 1 of the Crypt
 66992 | Crypt:1  | Reached skill level 15 in Dodging
 67065 | Crypt:1  | Identified the +1 pair of boots of Vuistim {Drain rElec
                  | Regen+}
 67185 | Crypt:1  | Found a runed translucent gate.
 67185 | Crypt:1  | Found a runed translucent gate.
 67185 | Crypt:1  | Noticed a dread lich
 67185 | Crypt:1  | Noticed Bunoc's ghost (veteran FoFi)
 67185 | Crypt:1  | Noticed a dread lich
 67186 | Crypt:1  | Found an ancient bone altar of Kikubaaqudgha.
 67186 | Crypt:1  | Found a runed translucent gate.
 67462 | Crypt:1  | Got Rufo's Spellbook of the Noxious Band
 68189 | Crypt:2  | Identified the ring "Saewa" {Ice Contam +Blink rPois Str+4}
 68189 | Crypt:2  | Noticed Josephina
 68198 | Crypt:2  | Killed Josephina
 68586 | Crypt:3  | Entered Level 3 of the Crypt
 68630 | Crypt:3  | Noticed an ancient lich
 68814 | Crypt:3  | Killed an ancient lich
 69017 | Crypt:3  | Found a staircase to the Tomb.
 69073 | Crypt:3  | Found a basalt altar of Yredelemnul.
 69288 | Crypt:3  | Gained mutation: A powerful demonic guardian rushes to your
                  | aid. [demonic ancestry]
 69288 | Crypt:3  | Reached XP level 25. HP: 289/289 MP: 33/33
 69309 | Crypt:3  | Noticed Boris
 69346 | Crypt:3  | Killed Boris
 69446 | Crypt:3  | Found a shimmering altar of Xom.
 69513 | Crypt:3  | Identified the ring of Isaph {Fly rC++ SInv}
 69674 | Crypt:3  | Identified the ring "Plog" {rElec rN+ Int+5 Dex+3 SInv}
 69674 | Crypt:3  | Identified the ring "Siunal" {Drain rN+ Will+ Dex+5}
 69674 | Crypt:3  | Identified the ring of Greed {rN+ Str+4 Int+3 Dex+2}
 69806 | Crypt:3  | Got the Folio of Reason
 70475 | Depths:1 | Voluntarily entered the Abyss.
 70495 | Abyss:1  | Found a corrupted altar of Lugonu.
 70515 | Abyss:1  | Gained mutation: Potions are less effective at restoring
                  | your health. [a neqoxec]
 70547 | Abyss:1  | Found a corrupted altar of Lugonu.
 70677 | Abyss:1  | Found a corrupted altar of Lugonu.
 70683 | Abyss:1  | Gained mutation: You sometimes lose your temper in combat.
                  | [a neqoxec]
 70914 | Abyss:2  | Found a corrupted altar of Lugonu.
 71151 | Abyss:2  | Noticed a dread lich
 71560 | Abyss:3  | Got an abyssal rune of Zot
 71621 | Abyss:3  | Paralysed by accursed screaming for 2 turns
 71694 | Depths:1 | Escaped the Abyss
 71891 | Hell     | Entered the Vestibule of Hell
 71892 | Hell     | Noticed Geryon
 72709 | Hell     | Reached XP level 26. HP: 302/302 MP: 33/33
 72752 | Hell     | Killed Geryon
 73064 | Hell     | Found a gateway to the Iron City of Dis.
 73083 | Hell     | Found a gateway to the freezing wastes of Cocytus.
 73220 | Hell     | Found a gateway to the decaying netherworld of Tartarus.
 73305 | Hell     | Found a gateway to the ashen valley of Gehenna.
 73483 | Coc:1    | Entered Level 1 of Cocytus
 73573 | Coc:1    | Paralysed by a wendigo for 1 turns
 73890 | Coc:2    | Paralysed by a wendigo for 1 turns
 73919 | Coc:2    | HP: 11/289 [frost giant/+0 battleaxe of freezing (11)]
 73920 | Coc:2    | HP: 3/289 [elemental wellspring/torrent of water (4)]
 73920 | Coc:2    | Collided with a shard shrike

Illustrated notes

Levels and vault maps discovered:
D:1:      dpeg_arrival_round_c, layout_basic
D:2:      layout_loops_corners, corexii_corridor_pit
D:3:      layout_loops_cross, serial_shops, shop, kennysheep_another_room,
          uniq_jessica
D:4:      layout_rooms, chequers_serial_rivers_micro_e, dk_noncrumbling_4
D:5:      layout_layer_cave, fedhas_altar_3,
          minmay_temple_entry_statues_pillars, uniq_duvessa
D:6:      layout_basic, mainiacjoe_overflow_boulevard, xom_butterflies,
          portal_sewer_entry_f, grunt_decor_mini_mirrors,
          minmay_misc_feat_pillars, uniq_sigmund, uniq_menkaure, uniq_eustachio
D:7:      layout_rooms, mainiacjoe_overflow_24_doors,
          mainiacjoe_overflow_catch_the_wave
D:8:      layout_cave_pools, elyvilon_altar_5, nicolae_gozag_seed_capital,
          uniq_psyche, uniq_grum, uniq_pikel
D:9:      layout_cave_pools, tgw_trog, slow_altar_2
D:10:     layout_layer_cave, general_overflow_altar, nicolae_vehumet_radiance,
          minmay_lair_entry_grove, uniq_gastronok
D:11:     layout_irregular_city, erik_orc_2
D:12:     layout_stronghold, nicolae_shop_vocational
D:13:     kennysheep_big_flooded_room, layout_basic,
          skrybe_vaults_entry_preservation, uniq_nessos
D:14:     layout_roguey, corexii_leaking_fountain, minmay_holes,
          minmay_fractal_squares_diagonal_5
D:15:     hangedman_depths_entry_try_elsewhere_first, layout_layer_cave,
          hex_tiny
Lair:1:   layout_regular_city, serial_rivers, chequers_serial_rivers_small_a,
          chequers_serial_rivers_large_b, chequers_serial_rivers_micro_e,
          chequers_serial_rivers_micro_c, chequers_serial_rivers_room_b,
          beast_lair_carwin_7, lemuel_fruit_fields
Lair:2:   layout_long_grid, chequers_serial_rivers_room_a, beast_lair_carwin_6
Lair:3:   layout_roguey, minmay_swamp_entry_worms,
          nicolae_spider_entry_non_spiders, maelrawn_ghost_gauntlet_escape,
          grunt_megastairs_5
Lair:4:   layout_gridlike, serial_bayou_pond_e, serial_bayou_lagoon_a,
          serial_bayou_shore_a
Lair:5:   hangedman_lair_in_review, layout_regular_city,
          guppyfry_lair_end_dragon, slime_entry_2,
          chequers_serial_rivers_room_a, infiniplex_staircase_pool
Swamp:1:  layout_falls_marsh, nicolae_swamp_small_spring, swamp_pool4,
          uniq_frances, uniq_louise, uniq_kirke
Swamp:2:  layout_falls_marsh, evilmike_swamp_ruin_rubble_2, uniq_roxanne,
          uniq_mlioglotl
Swamp:3:  layout_falls_marsh, evilmike_swamp_ruin_house_6
Swamp:4:  swamp_icy, layout_basic_swamp
Spider:1: layout_cave_pods, nicolae_spider_altar_of_dancing, uniq_donald
Spider:2: layout_spider_delve, drop_trap
Spider:3: layout_cave_pods
Spider:4: floodkiller_spider_rune_tomb
Slime:1:  layout_caves, special_room [special_room_jelly],
          nicolae_slime_barrier, cheibrodos_slime_lost_civilization_6
Slime:2:  layout_caves
Slime:3:  layout_caves
Slime:4:  layout_caves
Slime:5
Orc:1:    layout_caves, basic_altar, okawaru_metal_pillars_1_2
Orc:2:    grunt_orc_tribal_feast, layout_caves, enter_volcano_2, led_sif_book,
          uniq_urug, uniq_snorg
Elf:1:    eino_elf_arrival_sip, layout_rooms, serial_shops, shop, shop,
          nicolae_shop_waterfront, minmay_elf_crystal_hexagon
Elf:2:    nicolae_elf_blades_crystal_corner, layout_loops_ring
Elf:3:    minmay_elf_hall_curves, layout_gridlike, serial_shops,
          bzr_entry_islet, shop_statue, shop, nicolae_shop_tiny_real_fake_doors,
          elves_outpost_lemuel
Vaults:1: nicolae_vaults_storage_closets_1, nicolae_vaults_house_3,
          vaults_room_fours, vaults_mumra_chevron_long,
          hangedman_vaults_variations, nicolae_vaults_diamond_1,
          layout_vaults_omnigrid, uniq_saint_roka
Vaults:2: mu_enter_wizlab_5, grunt_vaults_hallway_short,
          nicolae_vaults_tetromino_L_1, v_misc_4, nicolae_vaults_diamond_2,
          nicolae_vaults_lightning_bolt, v_misc_29,
          nicolae_vaults_specimen_jars, nicolae_vaults_mini_display_case,
          nicolae_vaults_double_plus_1, vaults_mumra_minichess,
          layout_vaults_chaotic_city
Vaults:3: vaults_standard_mumra_enter_the_diamond, serial_ice_h,
          minmay_crypt_entry_nasty_monster, nicolae_vaults_shrinking_rooms_2,
          ontoclasm_vaults_claustrophobia, serial_ice_b,
          nicolae_vaults_little_squares_1, nicolae_vaults_house_3,
          nicolae_vaults_little_squares_1, nicolae_vaults_little_squares_3,
          nicolae_vaults_little_squares_4, layout_vaults_omnicross, uniq_xtahua
Vaults:4: nicolae_vaults_ellipses_ellipsis, nicolae_vaults_big_ls,
          vaults_mumra_lcd, hangedman_vaults_trim, nicolae_vaults_wine_cellar,
          hangedman_vaults_snaps, nicolae_vaults_trapezoid_layered,
          grunt_vaults_funnel, v_misc_17, vaults_room_semicircle,
          layout_vaults_ring
Vaults:5: serial_shops
Crypt:1:  layout_misc_corridors, gammafunk_ghost_crypt, corner_web_ring,
          grunt_megastairs_4
Crypt:2:  layout_misc_corridors, grunt_ministairs_6, grunt_megastairs_2,
          uniq_josephina
Crypt:3:  church_of_pain_bobbens, layout_chaotic_city,
          nicolae_tomb_entry_rubble_hallway, basic_altar
Depths:1: layout_cave_pools, lightli_too_deep, special_room
          [special_room_mythical_zoo], xom_teletrap_fun, abyss_entry,
          hangedman_decor_growths, lightli_corner_chamber
Depths:2: kennysheep_oblong_rooms, layout_cave_pools, hellmouth_1, serial_shops,
          nicolae_shop_trees, nzn_wu_jian_council_hall,
          grunt_pan_entry_in_and_out, minmay_multi_spiral
Depths:3: minmay_the_grid_triangle_9x9_recursive_3
          [minmay_the_grid_triangle_9x9_impossible_snake,
          minmay_the_grid_triangle_9x9_longest,
          minmay_the_grid_triangle_9x9_limited_checkers,
          minmay_the_grid_triangle_9x9_prize_top_heavy,
          minmay_the_grid_triangle_9x9_flanged_cone,
          minmay_the_grid_triangle_9x9_zippers_horizontal,
          minmay_the_grid_triangle_9x9_dagger,
          minmay_the_grid_triangle_9x9_corruption,
          minmay_the_grid_triangle_9x9_corrupted_corridor], layout_cross,
          enter_ziggurat_a, abyss_entry, hangedman_tar_grid_catacomb,
          uniq_frederick
Depths:4: evilmike_zot_entry_round, layout_gridlike,
          ebering_dispersal_statue_hall, pf_coc_iceberg,
          ebering_ghost_disaster_area, minivault_16, uniq_margery, uniq_parghit,
          uniq_boris
Hell
Coc:1:    layout_cocytus_delve
Coc:2:    layout_ice_bergs

Skill      XL: |  1  2  3  4  5  6  7  8  9 10 11 12 13 14 15 16 17 18 19 20 21 22 23 24 25 |
---------------+----------------------------------------------------------------------------+-----
Unarmed Combat | 3 4 5 6 7 9 11 13 14 15 16 17 18 20 22 24 26 27 | 27.0
Armour         | 3 4 8 12 15 18 20 22 | 22.6
Dodging        | 4 6 8 10 12 13 16 18 | 18.7
Fighting       | 4 7 9 11 12 14 18 20 21 22 23 24 | 24.8
Invocations    | 8 13 15 | 15.1
Throwing       | |  1.7

Action                     |  1- 3 |  4- 6 |  7- 9 | 10-12 | 13-15 | 16-18 | 19-21 | 22-24 | 25-27 || total
---------------------------+-------+-------+-------+-------+-------+-------+-------+-------+-------++-------
  Melee: Unarmed           |   167 |   101 |   339 |   562 |  1186 |  1278 |  1313 |  1496 |   814 ||  7256
         Punch             |     4 |     1 |    24 |    56 |   147 |   212 |   242 |   375 |   172 ||  1233
         Touch             |       |    14 |    51 |   116 |   235 |   285 |   277 |   342 |   160 ||  1480
  Throw: Javelin           |       |     1 |    14 |    18 |    11 |    12 |     6 |       |       ||    62
 Invoke: Upheaval          |       |       |       |     6 |    10 |     7 |     3 |     3 |     3 ||    32
         Elemental Force   |       |       |       |       |     1 |     5 |     7 |     1 |     4 ||    18
         Disaster Area     |       |       |       |       |       |     4 |     2 |     2 |     2 ||    10
Ability: Evoke Blink       |       |       |       |       |       |       |       |       |     1 ||     1
    Use: Scroll            |       |     1 |     6 |     4 |    14 |    15 |    10 |     3 |       ||    53
         Potion            |       |       |       |     1 |     2 |     6 |    10 |     5 |     1 ||    25
   Stab: Sleeping          |     1 |       |       |       |       |       |       |       |       ||     1
         Confused          |       |       |       |       |     1 |       |       |       |       ||     1
         Distracted        |       |       |       |       |     1 |     3 |       |       |     3 ||     7
         Paralysed         |       |       |       |       |       |     3 |     2 |     3 |       ||     8
 Armour: Leather armour    |    52 |    21 |       |       |       |       |       |       |       ||    73
         Robe              |       |       |   135 |   115 |    81 |       |    27 |       |       ||   358
         Swamp dragon scal |       |       |       |       |   281 |   428 |    71 |       |       ||   780
         Plate armour      |       |       |       |       |       |       |   561 |   807 |   652 ||  2020
         Quicksilver drago |       |       |       |       |       |       |   100 |       |       ||   100
  Dodge: Dodged            |   116 |    26 |   119 |   215 |   592 |   667 |   668 |   684 |   612 ||  3699
         Repelled          |       |       |       |     4 |    15 |    20 |    45 |    29 |    14 ||   127
  Block: Other             |    26 |     7 |    72 |   227 |   534 |   562 |   504 |   569 |   434 ||  2935
